 Dungeon Crawl Stone Soup version 0.27-a0-1612-gde56a17b89 (webtiles) character file.

Game seed: 4842453893367960245

5 Spectrina the Sneak (level 1, -1/20 HPs)
             Began as a Djinni Delver on July 22, 2021.
             Slain by a giant cockroach (2 damage)
             ... on level 3 of the Dungeon.
             The game lasted 00:02:15 (267 turns).

Spectrina the Sneak (Djinni Delver)                  Turns: 267, Time: 00:02:16

Health: -1/20      AC:  3    Str: 11    XL:     1   Next: 88%
Gold:   17         EV: 12    Int: 11    God:
                   SH:  0    Dex: 14

rFire    + + .     SeeInvis .     - Unarmed
rCold    x . .     Faith    .   (no shield)
rNeg     . . .     Spirit   .   a - +0 leather armour
rPois    ∞         Reflect  .   (no helmet)
rElec    .         Harm     .   (no cloak)
rCorr    .         Rampage  .   (no gloves)
Will     .....                  (boots unavailable)
Stlth    ++........             (no amulet)
HPRegen  0.06/turn              (no ring)
MPRegen  0.00/turn              (no ring)

@: flying
A: sickness immunity, fire resistance 2, cold vulnerability 1, float, innate
caster, hp casting, extra vitality 1
a: no special abilities


You were on level 3 of the Dungeon.
You visited 1 branch of the dungeon, and saw 3 of its levels.

You collected 17 gold pieces.

Inventory:

Missiles
 g - 12 bolts
 h - 66 stones (quivered)
Armour
 a - a +0 leather armour (worn)
Wands
 f - a wand of digging (3)
Scrolls
 b - a scroll of fog
 c - a scroll of magic mapping
Potions
 e - a potion of haste


   Skills:
 - Level 3.0 Fighting
 - Level 2.1 Dodging
 + Level 4.2 Stealth
 - Level 2.0 Unarmed Combat
 * Level 0.6 Spellcasting


You had one spell level left.
You didn't know any spells.
Your spell library was empty.

Dungeon Overview and Level Annotations

Branches:
Dungeon (5/15)
 Temple: D:4-7

Altars:

Portals:
Sewer: D:3


Innate Abilities, Weirdness & Mutations

You are immune to sickness and miasma.
You are immune to poison.
Your flesh is very heat resistant. (rF++)
You are vulnerable to cold. (rC-)
You float through the air rather than walking.
You learn spells naturally, not from books.
Your magical power is your life essence.
You have superior vitality. (+4 HP)


Message History

The giant cockroach is heavily wounded.
The giant cockroach bites you but does no damage.
Your leather armour prevents you from hitting the giant cockroach.
The giant cockroach is heavily wounded.
The giant cockroach misses you.
The giant cockroach bites you but does no damage.
You closely miss the giant cockroach.
The giant cockroach is heavily wounded.
The giant cockroach bites you.
* * * LOW HITPOINT WARNING * * *
You hit the giant cockroach.
The giant cockroach is severely wounded.
The giant cockroach closely misses you.
You barely miss the giant cockroach.
The giant cockroach is severely wounded.
The giant cockroach misses you.
You barely miss the giant cockroach.
The giant cockroach is severely wounded.
The giant cockroach completely misses you.
You hit the giant cockroach but do no damage.
The giant cockroach is severely wounded.
The giant cockroach misses you.
You hit the giant cockroach but do no damage.
The giant cockroach is severely wounded.
The giant cockroach barely misses you.
You closely miss the giant cockroach.
The giant cockroach is severely wounded.
The giant cockroach closely misses you.
You closely miss the giant cockroach.
The giant cockroach is severely wounded.
The giant cockroach bites you but does no damage.
The giant cockroach misses you.
You hit the giant cockroach.
You kill the giant cockroach!
Your leather armour prevents you from hitting the giant cockroach.
The giant cockroach barely misses you.
You barely miss the giant cockroach. The giant cockroach barely misses you.
The giant cockroach bites you but does no damage.
You barely miss the giant cockroach. The giant cockroach bites you.
You die...

#...## #. #.#..# ##'
#....# ##.. # ####.#
##... ###.########.##
##....
..>..#.........####.....
..................+.....
..#..#.#####...####.....
...$...@B.....## ##....
..#######....## ##...
..#≈≈≈≈≈#..#### ##..
#.#≈≈∩≈≈'.....# ##'
#.#≈≈≈≈≈#..##.# #.
#.#######..# # #.
............. ##.
#####.#.#####. ####..
#... # .......


You could see a giant cockroach.

Vanquished Creatures
  3 giant cockroaches (D:3)
  A jackal (D:5)
4 creatures vanquished.

Notes
Turn   | Place    | Note
-------+----------+-------------------------------------------
     0 | D:5      | Spectrina the Djinni Delver began the quest for the Orb.
     0 | D:5      | Reached XP level 1. HP: 20/20 MP: 0/0
    26 | D:5      | Noticed an ogre
   110 | D:5      | Noticed a lemure
   111 | D:5      | Noticed a lemure
   168 | D:3      | HP: 1/20 [dart slug/slug dart (4)]
   224 | D:3      | Found a glowing drain.
   256 | D:3      | HP: 1/20 [giant cockroach (1)]
   267 | D:3      | Slain by a giant cockroach

Illustrated notes

Levels and vault maps discovered:
D:3:      layout_loops_corners, gup_sewer_entry_glass, minmay_starry_boxes
D:4:      layout_loops_ring, mainiacjoe_overflow_tiny_flanked,
          chequers_temple_overflow_minitemple
D:5:      minmay_evil_eye, layout_basic, uniq_pikel, uniq_edmund

Action                   || total
-------------------------++-------
Melee: Unarmed           ||    45
  Use: Scroll            ||     1
Armor: Leather armour    ||    14
Dodge: Dodged            ||    42

Table legend: (Time is in decaauts)
 A = Elapsed time spent in this place.
 B = Non-inter-level travel time spent in this place.
 C = Inter-level travel time spent in this place.
 D = Time resting spent in this place.
 E = Time spent auto-exploring this place.
 F = Levels seen in this place.
 G = Mean time per level.
                   A        B        C        D        E       F      G
               +--------+--------+--------+--------+--------+-----+--------+
         Total |    264 |    264 |      0 |      0 |      0 |   3 |   88.0 |
       Dungeon |    264 |    264 |      0 |      0 |      0 |   3 |   88.0 |
               +--------+--------+--------+--------+--------+-----+--------+

Top non-repeatable levels by time:
     D:5: 129 daAuts
     D:3: 127 daAuts
     D:4: 7 daAuts
